 Dungeon Crawl Stone Soup version 0.31.0-11-ge490571c62 (webtiles) character file.

Game seed: 5728702696450097848

26 qw the Shooter (level 2, -1/14 HPs)
             Began as a Spriggan Hunter on Feb 4, 2024.
             Slain by a gnoll
             ... wielding a +0 spear
              (2 damage)
             ... on level 2 of the Dungeon.
             The game lasted 00:00:03 (704 turns).

qw the Shooter (Spriggan Hunter)                     Turns: 704, Time: 00:00:03

Health: -1/14      AC:  2    Str:  7    XL:     2   Next: 89%
Magic:  3/3        EV: 19    Int: 10    God:
Gold:   85         SH:  0    Dex: 18    Spells: 1/1 levels left

rFire   . . .        a - +0 shortbow
rCold   . . .        (shield currently unavailable)
rNeg    . . .        c - +0 robe
rPois   .            (helmet restricted)
rElec   .            (no cloak)
rCorr   .            (gloves unavailable)
SInv    +            (boots unavailable)
Will    .....        (no amulet)
Stlth   ++           (no ring)
HPRegen 0.22/turn    (no ring)
MPRegen 0.08/turn

%: no passive effects
@: very quick
A: very small, no large weapons, unfitting armour, see invisible, speed 3
a: no special abilities


You were on level 2 of the Dungeon.
You visited 1 branch of the dungeon, and saw 2 of its levels.

You collected 85 gold pieces.


Innate Abilities, Weirdness & Mutations

You are very small and have problems with some larger weapons.
You are too small for most types of armour.
You have supernaturally acute eyesight. (SInv)
You cover ground extremely quickly. (Speed+++)


   Skills:
 - Level 1.5 Fighting
 + Level 4.4 Ranged Weapons
 - Level 4.0 Dodging
 - Level 1.5 Stealth


You had one spell level left.
You didn't know any spells.
Your spell library was empty.

Inventory:

Hand Weapons
 a - a +0 shortbow (weapon)
Armour
 c - a +0 robe (worn)
Scrolls
 b - a scroll of blinking {unknown}
 f - a scroll of enchant armour {unknown}
 h - a scroll of identify
Potions
 d - a potion of resistance {unknown}
 e - a potion of curing
 g - a potion of cancellation

Dungeon Overview and Level Annotations

Branches:
Dungeon (2/15)

Altars:


Message History

Enter note:
696 ||| RETREEEEATING.
The ball python attacks as it pursues you!
The ball python closely misses you. The ball python misses you.
Enter note:
697 ||| RETREEEEATING.
The ball python attacks as it pursues you!
The ball python barely misses you. The ball python closely misses you.
You shoot an arrow.
The arrow closely misses the ball python.
The arrow hits the jackal.
The jackal is heavily wounded.
The ball python bites you but does no damage.
The ball python completely misses you.
You shoot an arrow. The arrow hits the ball python!
You kill the ball python!
The jackal closely misses you.
You shoot an arrow. The arrow closely misses the jackal.
The arrow barely misses the jackal.
The arrow hits the gnoll!
The gnoll is severely wounded.
The jackal closely misses you.
You shoot an arrow. The arrow barely misses the jackal.
The arrow hits the jackal.
The jackal is severely wounded.
The jackal bites you but does no damage.
You shoot an arrow.
The arrow hits the jackal but does no damage.
The jackal misses you.
The gnoll hits you from afar with a +0 spear.
The jackal bites you.
You shoot an arrow. The arrow hits the jackal.
The jackal is severely wounded.
The gnoll hits you from afar with a +0 spear.
The jackal bites you but does no damage.
You shoot an arrow. The arrow hits the jackal.
The jackal is almost dead.
The jackal bites you. The gnoll barely misses you.
The jackal completely misses you.
The gnoll hits you from afar with a +0 spear.
You die...

..........####
....######...#
....#
###.#.###
....# #...#
..#### #.###
#=#####.... .#
#...#...### ..
###.#.....#
..# #...###)#
#...###@#
#.....#h#
#...#.gh#
######'h#
~$.~~ ~~..~~~#
~~~~.~~~#
+..~.7...+
+...7.~..+


You could see a gnoll and 3 jackals.

Vanquished Creatures
  A ribbon worm (D:2)
  3 endoplasms (D:1)
  A giant cockroach (D:1)
  2 hobgoblins (D:1)
  A quokka (D:1)
  4 ball pythons
  A bat (D:1)
  A frilled lizard (D:1)
  3 goblins (D:1)
  3 kobolds
  7 rats
27 creatures vanquished.

Notes
Turn   | Place    | Note
-------+----------+-------------------------------------------
     0 | D:1      | qw the Spriggan Hunter began the quest for the Orb.
     0 | D:1      | Reached XP level 1. HP: 10/10 MP: 2/2
     0 | D:1      | 0 ||| qw: Version: 0.3-a-160-g6735b56
     0 | D:1      | 0 ||| qw: Game counter: 5336
     0 | D:1      | 0 ||| qw: Melee chars always use a shield: true
     0 | D:1      | 0 ||| qw: God list: Okawaru
     0 | D:1      | 0 ||| qw: Allow faded altars: false
     0 | D:1      | 0 ||| qw: Do Orc after clearing Dungeon:15 true
     0 | D:1      | 0 ||| qw: Do second Lair branch before Depths: true
     0 | D:1      | 0 ||| qw: Lair rune preference: random
     0 | D:1      | 0 ||| qw: Goals: Normal
     0 | D:1      | 0 ||| PLANNING D:1-11
    32 | D:1      | Reached skill level 3 in Dodging
   114 | D:1      | Found a faded altar of an unknown god.
   138 | D:1      | Reached XP level 2. HP: 14/14 MP: 3/3
   583 | D:1      | 583 ||| READING scroll labelled ULUGIN SAR.
   584 | D:1      | 584 ||| READING 4 scrolls labelled KAONLAMIAS.
   584 | D:1      | 584 ||| IDENTIFYING bubbling orange potion
   585 | D:1      | 585 ||| READING 3 scrolls of identify.
   585 | D:1      | 585 ||| IDENTIFYING black potion
   586 | D:1      | 586 ||| READING 2 scrolls of identify.
   586 | D:1      | 586 ||| IDENTIFYING fizzy blue potion
   587 | D:1      | 587 ||| DROPPING scroll of butterflies.
   588 | D:1      | 588 ||| DROPPING potion of brilliance.
   696 | D:2      | 696 ||| RETREEEEATING.
   697 | D:2      | 697 ||| RETREEEEATING.
   703 | D:2      | HP: 3/14 [gnoll/+0 spear (6)]
   704 | D:2      | HP: 1/14 [jackal (2)]
   704 | D:2      | Slain by a gnoll

Levels and vault maps discovered:
D:1:      onia_arrival_handbag, layout_rooms, shapermc_ecumenical_altar_pompeii,
          minmay_misc_feat_roman, chequers_serial_rivers_micro_b,
          nicolae_figureground_pulse
D:2:      layout_loops_cross, basic_altar, kennysheep_generic_room_4

Skill      XL: |  1  2 |
---------------+-------+-----
Dodging        | 3 4 |  4.0
Fighting       | |  1.5
Ranged Weapons | |  4.4
Stealth        | |  1.5

Action                     || total
---------------------------++-------
   Fire: Shortbow          ||    61
    Use: Scroll            ||     4
 Armour: Robe              ||    13
  Dodge: Dodged            ||    23

Table legend:
 A = Non-vault XP
 B = Vault XP
 C = Vault XP percentage of total XP
 D = Non-vault monster count
 E = Vault monster count
 F = Vault count percentage of total count
                 A         B        C        D         E       F
            +---------+---------+-------+---------+---------+-------
      Total |      34 |       4 |  10.5 |      23 |       4 |  14.8
            +---------+---------+-------+---------+---------+-------
        D:1 |      27 |       4 |  12.9 |      19 |       4 |  17.4
        D:2 |       7 |       0 |   0.0 |       4 |       0 |   0.0
            +---------+---------+-------+---------+---------+-------
